 Dungeon Crawl Stone Soup version 0.29.1-12-g30fa7ad0bf (webtiles) character file.

Game seed: 4385615704589825017

5028 xSliceyx the Destroyer (level 10, -12/60 HPs)
             Began as an Octopode Earth Elementalist on Dec 31, 2022.
             Was a Follower of Vehumet.
             Shot with an arrow by a centaur warrior (21 damage)
             ... on level 9 of the Dungeon.
             The game lasted 01:06:52 (11813 turns).

xSliceyx the Destroyer (OpEE)                      Turns: 11813, Time: 01:06:56

Health: -12/60     AC:  6    Str:  8    XL:     10   Next: 55%
Magic:  5/20       EV: 18    Int: 31    God:    Vehumet [*.....]
Gold:   552        SH:  0    Dex: 18    Spells: 2/23 levels left

rFire   x . .      SeeInvis .   z - +6 short sword "Veamonos" {venom, rF- rN+ Will- Int+9}
rCold   . . .      Faith    .   (no shield)
rNeg    + . .      Spirit   .   (helmet restricted)
rPois   .          Reflect  .   o - amulet of the acrobat
rElec   .          Harm     .   C - +6 ring of dexterity
rCorr   .          Rampage  .   (no ring)
Will    .....                   (no ring)
Stlth   +++.......              (no ring)
HPRegen 0.20/turn               (no ring)
MPRegen 0.17/turn               (no ring)
                                (no ring)
                                (no ring)

@: ice-armoured, very slightly contaminated
A: almost no armour, amphibious, 8 rings, camouflage 1, gelatinous body 1,
(nimble swimmer 1), tentacles
a: Renounce Religion


You were on level 9 of the Dungeon.
You worshipped Vehumet.
Vehumet was aware of your devotion.
You visited 2 branches of the dungeon, and saw 10 of its levels.

You collected 552 gold pieces.

Inventory:

Hand Weapons
 z - the +6 short sword "Veamonos" (weapon) {venom, rF- rN+ Will- Int+9}
   (You found it on level 5 of the Dungeon)

   It poisons the flesh of those it strikes.
   Int:       It affects your intelligence (+9).
   rF:        It makes you vulnerable to fire.
   rN:        It protects you from negative energy.
   Will:      It decreases your willpower.
Missiles
 d - 2 javelins
 v - 5 poisoned darts
Jewellery
 o - an amulet of the acrobat (around mantle)
 x - a ring of ice
 C - a +6 ring of dexterity (left tentacle)
Wands
 j - a wand of polymorph (6)
 u - a wand of iceblast (5)
Scrolls
 b - 2 scrolls of fear
 h - a scroll of blinking {unknown}
 k - 2 scrolls of teleportation {unknown}
 l - 2 scrolls of enchant armour {unknown}
 q - 2 scrolls of enchant weapon
 r - 2 scrolls of magic mapping {unknown}
 s - 2 scrolls of butterflies
 y - a scroll of immolation {unknown}
 A - a scroll of noise {unknown}
 B - a scroll of amnesia {unknown}
 D - a scroll of summoning {unknown}
Potions
 a - a potion of magic
 c - 3 potions of mutation {unknown}
 e - 4 potions of heal wounds
 f - 3 potions of haste {unknown}
 g - 3 potions of lignification {unknown}
 i - 4 potions of curing
 n - a potion of attraction {unknown}
 p - 3 potions of brilliance {unknown}
 t - a potion of invisibility {unknown}
 w - a potion of ambrosia {unknown}


   Skills:
 - Level 2.0 Fighting
 - Level 8.6 Dodging
 - Level 2.6 Stealth
 - Level 7.1 Spellcasting
 + Level 8.7 Conjurations
 - Level 1.0 Transmutations
 - Level 6.0 Earth Magic


You had 2 spell levels left.
You knew the following spells:

 Your Spells              Type           Power      Damage    Failure   Level
a - Sandblast             Erth           96%        2d20      1%          1
b - Stone Arrow           Conj/Erth      100%       3d13      1%          3
c - Passwall              Tmut/Erth      26%        N/A       1%          2
d - Magic Dart            Conj           100%       1d8       1%          1
e - Searing Ray           Conj           100%       2d8       1%          2
f - Shock                 Conj/Air       100%       1d9       1%          1
g - Petrify               Tmut/Erth      32%        N/A       11%         4
h - Fulminant Prism       Conj/Hex       19%        3d11      8%          4
i - Ozocubu's Armour      Ice            11%        N/A       13%         3

Your spell library contained the following spells:

 Spells                   Type           Power      Damage    Failure   Level
 Summon Small Mammal      Summ           44%        N/A       4%          1
 Ensorcelled Hibernation  Hex/Ice        22%        N/A       7%          2
 Spider Form              Tmut/Pois      14%        N/A       11%         3
 Call Canine Familiar     Summ           11%        N/A       13%         3
 Summon Guardian Golem    Hex/Summ       11%        N/A       13%         3
 Irradiate                Conj/Tmut      20%        3d18      17%         5
 Anguish                  Hex/Necr       5%         N/A       41%         4
 Blade Hands              Tmut           8%         N/A       63%         5
 Metabolic Englaciation   Hex/Ice        5%         N/A       77%         5
 Simulacrum               Ice/Necr       5%         N/A       100%        6
 Dragon Form              Tmut           8%         N/A       100%        7


Dungeon Overview and Level Annotations

Branches:
Dungeon (9/15)             Temple (1/1) D:7            Lair (0/5) D:8
    Orc: D:9-12

Altars:
Ashenzari
Dithmenos
Fedhas
Gozag
Hepliaklqana
Makhleb
Nemelex Xobeh
Okawaru
Qazlal
Ru
Sif Muna
Uskayaw
Vehumet
Wu Jian
Xom
Yredelemnul
Zin
The Shining One

Annotations:
D:9 Prince Ribbit


Innate Abilities, Weirdness & Mutations

You cannot wear most types of armour.
You are amphibious.
You can wear up to eight rings at the same time.
Your skin changes colour to match your surroundings (Stealth+).
Your rubbery body absorbs attacks. (AC +1, EV +1)
((You are camouflaged when in or above water. (Stealth+)))
You have tentacles for arms and can constrict up to eight enemies at once.


Message History

Confirm with . or Enter, or press ? or * to list all spells.
A film of ice covers your body!
The centaur warrior shouts!
The centaur warrior unwields a +0 dagger.
The centaur warrior wields a +0 shortbow.
The centaur warrior shoots an arrow.
The arrow hits you!
Casting: Ozocubu's Armour (dangerous; 13% risk of failure)
Confirm with . or Enter, or press ? or * to list all spells.
Aiming: Petrify (dangerous; 11% risk of failure)
Press: ? - help, Shift-Dir - straight line, f - centaur warrior
Aim: a centaur warrior, wielding a +0 shortbow (chance to affect: 44%)
The centaur warrior resists with some effort.
Casting: Petrify (dangerous; 11% risk of failure)
Confirm with . or Enter, or press ? or * to list all spells.
Aiming: Petrify (dangerous; 11% risk of failure)
Press: ? - help, Shift-Dir - straight line, f/p - centaur warrior
Aim: a centaur warrior, wielding a +0 shortbow (chance to affect: 44%)
You miscast Petrify.
You are very lightly contaminated with residual magic.
Nothing appears to happen.
The centaur warrior shoots an arrow.
The arrow completely misses you.
The centaur warrior shoots an arrow.
The arrow hits you!!
Casting: Petrify (dangerous; 11% risk of failure)
Confirm with . or Enter, or press ? or * to list all spells.
Aiming: Petrify (dangerous; 11% risk of failure)
Press: ? - help, Shift-Dir - straight line, f/p - centaur warrior
Aim: a centaur warrior, wielding a +0 shortbow (chance to affect: 44%)
The centaur warrior is moving more slowly.
You feel much better.
The centaur warrior shoots an arrow.
The arrow hits you!!
Unknown command.
Casting: Petrify (dangerous; 11% risk of failure)
Confirm with . or Enter, or press ? or * to list all spells.
Aiming: Sandblast (safe; 1% risk of failure)
Press: ? - help, Shift-Dir - straight line, f/p - centaur warrior
Aim: a centaur warrior, wielding a +0 shortbow (petrifying slowly, 100% to hit)
The blast of sand hits the centaur warrior but does no damage.
The centaur warrior shoots an arrow.
The arrow hits you!!
* * * LOW HITPOINT WARNING * * *
The centaur warrior shoots an arrow.
The arrow hits you!!
You die...

......# #.# #.# #.###.## #.....
##.#####.## ..# #..# .....#
#.........# ### ##.#
#...####..##.....## #.#
#.........###....<# #.#
######...####..##.....).
######.###.......................
.............().........#........
.c..K....#..c.(.@.......#........
K#.#.###.####.#...#.###.##.......
.#...# #.# #.........###.[...#
.#..K###.# #...#.#######....##
.#.#.c..c# #...#.# ##.###.##
......#### #...#.# #.## ##..
......# ........ ##.###.##
##.#..... ######## ##.#.##
.รท.#.#### ##.##


You could see a centaur warrior (petrifying).

Vanquished Creatures
  Pikel (D:7)
  Maurice (D:9)
  Joseph (D:7)
  A hornet (D:8)
  2 wyverns
  5 yaks
  A steam dragon (D:6)
  A water moccasin (D:7)
  2 ice beasts (D:6)
  2 black bears (D:7)
  An ogre (D:5)
  A centaur (D:7)
  3 lemures (D:7)
  5 bullfrogs
  2 scorpions
  3 wights (D:7)
  10 killer bees
  2 howler monkeys
  3 hounds
  A jelly (D:7)
  4 orc priests
  A gnoll bouda (D:5)
  5 iguanas
  5 orc wizards
  8 gnolls
  8 adders
  A shadow imp (D:5)
  An ufetubus (D:7)
  A worm (D:4)
  39 orcs
  8 ball pythons
  8 endoplasms
  3 giant cockroaches
  6 hobgoblins (D:2)
  12 kobolds
  6 quokkas
  4 bats
  2 frilled lizards
  8 goblins
  7 rats
185 creatures vanquished.

Vanquished Creatures (others)
  3 fulminant prisms (D:9)
3 creatures vanquished.

Grand Total: 188 creatures vanquished

Notes
Turn   | Place    | Note
-------+----------+-------------------------------------------
     0 | D:1      | xSliceyx the Octopode Earth Elementalist began the quest
                  | for the Orb.
     0 | D:1      | Reached XP level 1. HP: 11/11 MP: 3/3
   142 | D:1      | Reached XP level 2. HP: 17/17 MP: 0/5
  1006 | D:2      | Reached XP level 3. HP: 21/21 MP: 5/7
  2213 | D:3      | Reached XP level 4. HP: 27/27 MP: 6/9
  2241 | D:3      | Learned a level 3 spell: Stone Arrow
  2244 | D:3      | Learned a level 2 spell: Passwall
  2385 | D:3      | Reached skill level 1 in Conjurations
  2883 | D:3      | Reached XP level 5. HP: 14/31 MP: 9/11
  3840 | D:5      | Entered Level 5 of the Dungeon
  3854 | D:4      | Reached XP level 6. HP: 30/36 MP: 3/12
  3953 | D:4      | Reached skill level 5 in Earth Magic
  4453 | D:4      | Learned a level 1 spell: Magic Dart
  4456 | D:4      | Learned a level 2 spell: Searing Ray
  4494 | D:5      | Identified the +6 short sword "Veamonos" {venom, rF- rN+
                  | Will- Int+9}
  4758 | D:5      | Reached XP level 7. HP: 11/42 MP: 11/13
  4992 | D:5      | Reached skill level 1 in Fighting
  5778 | D:6      | Noticed a steam dragon
  5837 | D:6      | Reached XP level 8. HP: 50/50 MP: 4/14
  5911 | D:6      | Reached skill level 5 in Dodging
  6024 | D:6      | Noticed a wyvern
  6027 | D:6      | Killed a wyvern
  6609 | D:7      | Found a staircase to the Ecumenical Temple.
  6618 | Temple   | Entered the Ecumenical Temple
  6660 | Temple   | Became a worshipper of Vehumet
  6828 | D:7      | Noticed Joseph
  6834 | D:7      | Killed Joseph
  6835 | D:7      | Reached XP level 9. HP: 27/54 MP: 5/15
  7195 | D:7      | Reached skill level 5 in Spellcasting
  7287 | D:7      | Noticed Pikel
  7769 | D:7      | Killed Pikel
  8699 | D:8      | Reached * piety under Vehumet
  8699 | D:8      | Offered knowledge of Shock by Vehumet.
  9296 | D:8      | Reached skill level 5 in Conjurations
  9400 | D:8      | Learned a level 1 spell: Shock
  9412 | D:8      | Learned a level 4 spell: Petrify
  9431 | D:8      | Reached XP level 10. HP: 60/60 MP: 8/20
  9564 | D:8      | Noticed a vault sentinel
  9581 | D:8      | Noticed a vault sentinel
  9756 | D:8      | Learned a level 4 spell: Fulminant Prism
 10577 | D:8      | Learned a level 3 spell: Ozocubu's Armour
 10661 | D:8      | Found a staircase to the Lair.
 11456 | D:9      | Noticed Prince Ribbit
 11457 | D:9      | Noticed a centaur warrior
 11674 | D:9      | Noticed Maurice
 11688 | D:9      | Killed Maurice
 11813 | D:9      | Shot with an arrow by a centaur warrior

Illustrated notes

Levels and vault maps discovered:
D:1:      lemuel_arrival_room, layout_basic, minmay_misc_feat_more_columns,
          chequers_serial_rivers_micro_c
D:2:      layout_basic, minmay_pentomino_z4
D:3:      layout_rooms
D:4:      layout_rooms
D:5:      layout_rooms, serial_glass, glass_columns_a, glass_columns_b,
          glass_columns_a, glass_columns_b
D:6:      layout_basic
D:7:      layout_loops_cross, minmay_temple_entry_antechambers, minmay_holes,
          minmay_crossroads, uniq_joseph, uniq_pikel
D:8:      layout_basic, slow_altar_2, lair_entry_dummy, minivault_5,
          hellmonk_guarded_unrand_gong
D:9:      layout_loops_cross, uniq_prince_ribbit1, uniq_maurice
Temple:   compressed_dpeg_circular_temple

Skill      XL: |  1  2  3  4  5  6  7  8  9 10 |
---------------+-------------------------------+-----
Spellcasting   | 3 4 7 |  7.1
Conjurations   | 2 3 5 8 |  8.7
Earth Magic    | 4 6 |  6.0
Fighting       | 2 |  2.0
Dodging        | 4 8 |  8.6
Stealth        | |  2.6
Transmutations | |  1.0

Action                   |  1- 3 |  4- 6 |  7- 9 | 10-12 || total
-------------------------+-------+-------+-------+-------++-------
Melee: Dagger            |     6 |       |       |       ||     6
       Constrict         |     3 |     3 |     1 |     1 ||     8
       Tentacles         |     2 |     3 |     4 |     1 ||    10
       Short sword       |     1 |     4 |     7 |    15 ||    27
       Halberd           |       |     6 |       |       ||     6
 Fire: Sling             |       |    35 |       |       ||    35
 Cast: Sandblast         |    53 |    87 |    44 |     7 ||   191
       Magic Dart        |       |     7 |    69 |       ||    76
       Stone Arrow       |       |     4 |    61 |    21 ||    86
       Shock             |       |       |     2 |    29 ||    31
       Petrify           |       |       |       |     5 ||     5
       Fulminant Prism   |       |       |       |     3 ||     3
       Ozocubu's Armour  |       |       |       |     1 ||     1
       Passwall          |       |       |       |     1 ||     1
       Searing Ray       |       |       |       |     1 ||     1
Evoke: Wand              |       |       |     3 |       ||     3
  Use: Scroll            |       |       |       |     7 ||     7
       Potion            |       |       |       |     1 ||     1
 Stab: Sleeping          |     1 |     1 |       |       ||     2
       Petrified         |       |       |       |     9 ||     9
Armor: Skin              |     1 |     1 |       |     3 ||     5
Dodge: Dodged            |    16 |    27 |    30 |    53 ||   126
